 Dungeon Crawl Stone Soup version 0.26-a0-154-g3d63440f56 (webtiles) character file.

Game seed: 14058202401264747627

3727 Gargoyl the Covered (level 9, -8/74 HPs)
             Began as a Centaur Abyssal Knight on July 2, 2020.
             Was an Elder of Lugonu.
             Mangled by an ogre
             ... wielding a +0 giant spiked club
              (19 damage)
             ... on level 7 of the Dungeon.
             The game lasted 00:11:42 (10759 turns).

Gargoyl the Covered (Centaur Abyssal Knight)       Turns: 10759, Time: 00:11:43

Health: -8/74      AC: 10    Str: 17    XL:     9   Next: 92%
Magic:  13/13      EV:  6    Int: 11    God:    Lugonu [****..]
Gold:   384        SH:  0    Dex: 10    Spells: 8/8 levels left

rFire    + . .     SeeInvis .   b - +1 hand axe (flame)
rCold    + . .     Faith    .   (no shield)
rNeg     . . .     Spirit   .   d - +1 chain mail
rPois    .         Reflect  .   (no helmet)
rElec    .         Harm     .   f - scarf {rC+ rF+}
rCorr    .                      (no gloves)
MR       .....                  (no barding)
Stlth    ..........             (no amulet)
HPRegen  0.22/turn              (no ring)
MPRegen  0.13/turn              (no ring)

@: very quick
A: large, hooves 3, deformed body, speed 2, tough skin 3
a: Depart the Abyss, Bend Space, Banish, Corrupt, Renounce Religion


You were on level 7 of the Dungeon.
You worshipped Lugonu.
Lugonu was greatly pleased with you.
You were not hungry.

You visited 1 branch of the dungeon, and saw 7 of its levels.
You visited the Abyss 1 time.

You collected 384 gold pieces.

Inventory:

Hand Weapons
 a - a +3 hand axe
 b - a +1 hand axe of flaming (weapon)
Armour
 d - a +1 chain mail (worn)
 f - a scarf of resistance (worn)
Jewellery
 i - a +6 ring of intelligence
Wands
 m - a wand of digging (3)
Scrolls
 e - 2 scrolls of blinking
 g - 2 scrolls of fog
 h - 5 scrolls of remove curse
 k - 7 scrolls of identify
 n - a scroll of fear
 o - a scroll of teleportation
 q - 2 scrolls of magic mapping
 r - a scroll of summoning {unknown}
Potions
 j - 2 potions of might
 l - a potion of haste
Comestibles
 c - 13 rations
 p - 8 chunks of flesh


   Skills:
 + Level 5.3 Fighting
 + Level 6.2 Axes
 * Level 6.7 Armour
 * Level 4.5 Dodging
 * Level 6.1 Invocations
 + Level 0.5 Evocations


You had 8 spell levels left.
You didn't know any spells.
Your spell library contained the following spells:

 Spells                   Type           Power        Failure   Level  Hunger
 Animate Skeleton         Necr           N/A          99%         1    ##.....
 Pain                     Necr           #...         99%         1    ##.....
 Vampiric Draining        Necr           #.........   100%        3    ####...
 Animate Dead             Necr           N/A          100%        4    #####..
 Agony                    Necr           #.......     100%        5    ######.


Dungeon Overview and Level Annotations

Branches:
Dungeon (7/15)             Temple (0/1) D:5

Altars:
Fedhas
Kikubaaqudgha
Makhleb
Sif Muna
Uskayaw
Wu Jian
Xom
Yredelemnul
The Shining One

Annotations:
D:6 loom's ghost, amateur KoEn


Innate Abilities, Weirdness & Mutations

You have hooves in place of feet.
Armour fits poorly on your strangely shaped body.
You cover ground very quickly.
You have extremely tough skin. (AC +3)


Message History

You butcher the hippogriff corpse.
p - 10 chunks of flesh (gained 4)
You see here a hippogriff skeleton.
You start resting.
Eating one of 10 chunks of flesh.
You eat one of the 10 chunks of flesh.
This raw flesh tastes terrible.
Some of the chunks of flesh in your inventory have rotted away.
An ogre comes into view. It is wielding a +0 giant spiked club.
The ogre shouts!
Things that are here:
a +0 dagger; a +0 robe; an orc corpse You hit the ogre.
You burn the ogre.
The ogre is lightly wounded.
The ogre closely misses you.
The ogre hits you with a +0 giant spiked club!!
* * * LOW HITPOINT WARNING * * *
You slash the ogre! You burn the ogre. Your kick misses the ogre.
The ogre is heavily wounded.
The ogre hits you with a +0 giant spiked club!!
You die...

##.....###
..........#
......###.#
......#...#
......#.### ########
#...## #.....#
##...##.#
#.O...#####......#
###@....#..........#
#....)..#.#.#.....##
#....)รท...#...#.#.#
#...###.###.##.....#
#...#...<...# .....#
#.%.#H#####.# .....#
#...#. #.# .....#
#...# #.# ##.# #...


You could see an ogre.

Vanquished Creatures
  A hippogriff (D:7)
  Sigmund (D:2)
  A human (D:7)
  3 hogs (D:7)
  A steam dragon (D:7)
  A sky beast (D:5)
  2 phantoms
  An orc warrior (D:6)
  An ice beast (D:7)
  2 ogres
  3 centaurs (D:7)
  3 bullfrogs
  A scorpion (D:4)
  2 crimson imps
  4 hounds
  2 orc priests
  A bullfrog skeleton (D:6)
  4 jellies
  10 orc wizards
  Jessica (D:3)
  7 worker ants
  An iguana (D:5)
  2 hound skeletons
  A worker ant zombie (D:7)
  6 gnolls
  13 adders
  2 shadow imps
  2 oozes
  An adder zombie (D:5)
  3 worms (D:2)
  6 dart slugs
  5 leopard geckos
  20 orcs
  2 giant cockroaches (D:4)
  10 goblins
  3 hobgoblins
  14 jackals
  6 quokkas
  3 ball pythons
  3 bats (D:2)
  7 frilled lizards
  9 kobolds
  2 leopard gecko skeletons
  A quokka skeleton (D:4)
  11 rats
185 creatures vanquished.

Vanquished Creatures (others)
  A hornet (D:6)
  5 dream sheep (D:6)
  A hog (D:7)
7 creatures vanquished.

Grand Total: 192 creatures vanquished

Notes
Turn   | Place    | Note
-------+----------+-------------------------------------------
     0 | Abyss:1  | Gargoyl the Centaur Abyssal Knight began the quest for the
                  | Orb.
     0 | Abyss:1  | Reached XP level 1. HP: 19/19 MP: 2/2
    47 | Abyss:1  | Found a corrupted altar of Lugonu.
    81 | Abyss:1  | Noticed a wraith
    84 | Abyss:1  | Noticed a small abomination
    85 | Abyss:1  | Noticed a large abomination
   116 | Abyss:2  | Noticed a smoke demon
   117 | D:1      | Escaped the Abyss
   419 | D:1      | Reached XP level 2. HP: 24/26 MP: 3/3
   433 | D:1      | Reached * piety under Lugonu
   635 | D:1      | Reached skill level 1 in Dodging
   696 | D:1      | Reached XP level 3. HP: 31/31 MP: 4/4
  1522 | D:2      | You fall into a shaft and drop 2 floors!
  1916 | D:4      | Found an ornate altar of the Wu Jian Council.
  1916 | D:4      | Found a burning altar of Makhleb.
  1938 | D:4      | Reached ** piety under Lugonu
  1938 | D:4      | Reached XP level 4. HP: 33/38 MP: 5/5
  1949 | D:4      | Reached XP level 5. HP: 16/45 MP: 5/7
  2789 | D:3      | Reached XP level 6. HP: 48/51 MP: 8/8
  3148 | D:2      | Reached *** piety under Lugonu
  3318 | D:2      | Noticed Sigmund
  3327 | D:2      | Killed Sigmund
  3327 | D:2      | Reached XP level 7. HP: 58/58 MP: 9/9
  3751 | D:3      | Noticed Jessica
  3776 | D:3      | Killed Jessica
  4961 | D:5      | Entered Level 5 of the Dungeon
  5659 | D:5      | Reached XP level 8. HP: 34/67 MP: 11/11
  6112 | D:5      | Found a blossoming altar of Fedhas.
  6112 | D:5      | Found a hide-covered altar of Uskayaw.
  6372 | D:5      | Found a staircase to the Ecumenical Temple.
  6468 | D:5      | Reached **** piety under Lugonu
  6468 | D:5      | Reached skill level 5 in Axes
  6481 | D:5      | Found a basalt altar of Yredelemnul.
  6733 | D:6      | Found an ancient bone altar of Kikubaaqudgha.
  7763 | D:6      | Found a transporter.
  7764 | D:6      | Noticed loom's ghost (amateur KoEn)
  7935 | D:6      | Found a transporter.
  7939 | D:6      | Identified the +8 great mace of Owal Yco {elec, rElec MR-
                  | Str+4 Int+4}
  7939 | D:6      | Identified the +5 dire flail of the Pariah {elec, Str+4
                  | Dex+3}
  7939 | D:6      | Noticed a two-headed ogre
  7987 | D:6      | Noticed a hornet
  7989 | D:6      | Banished a hornet
  7989 | D:6      | Reached skill level 5 in Armour
  8079 | D:6      | Found a glowing golden altar of the Shining One.
  8090 | D:6      | Reached skill level 5 in Invocations
  8275 | D:6      | Reached XP level 9. HP: 68/73 MP: 12/12
  8457 | D:6      | Found a shimmering altar of Xom.
  8905 | D:7      | Found a shimmering blue altar of Sif Muna.
  8960 | D:7      | Reached skill level 5 in Fighting
 10759 | D:7      | Mangled by an ogre

Illustrated notes

Levels and vault maps discovered:
D:1:      roderic_octagonal_star, layout_basic
D:2:      layout_loops_ring, uniq_sigmund
D:3:      layout_basic, uniq_jessica
D:4:      layout_gridville, gammafunk_temple_overflow_statue
D:5:      layout_loops_cross, lemuel_doored_altar,
          nicolae_overflow_hidden_temple, minmay_temple_entry_junction,
          first_ration
D:6:      layout_basic, lemuel_crystal_altar, kennysheep_little_box,
          gammafunk_ghost_smash, kb_xom_exploding_sheep
D:7:      layout_basic, led_sif_book, grunt_livestock

Skill      XL: |  1  2  3  4  5  6  7  8  9 |
---------------+----------------------------+-----
Axes           | 2 3 4 5 6 |  6.2
Dodging        | 1 2 3 4 |  4.5
Armour         | 2 3 4 5 6 |  6.7
Invocations    | 3 4 5 6 |  6.1
Fighting       | 4 5 |  5.3
Evocations     | |  0.5

Action                   |  1- 3 |  4- 6 |  7- 9 || total
-------------------------+-------+-------+-------++-------
Melee: Hand axe          |   113 |   114 |   528 ||   755
       Kick              |    19 |    24 |   106 ||   149
Invok: Depart the Abyss  |     1 |       |       ||     1
       Banish            |       |       |     3 ||     3
       Bend Space        |       |       |     1 ||     1
Evoke: Wand              |       |       |     6 ||     6
  Use: Scroll            |     6 |     4 |     5 ||    15
       Potion            |       |     2 |     1 ||     3
  Eat: Chunk             |     3 |     3 |    23 ||    29
Armor: Chain mail        |    99 |    92 |   362 ||   553
       Skin              |       |     2 |       ||     2
Dodge: Dodged            |    39 |    34 |   123 ||   196

Table legend:
 A = Non-vault XP
 B = Vault XP
 C = Vault XP percentage of total XP
 D = Non-vault monster count
 E = Vault monster count
 F = Vault count percentage of total count
                 A         B        C        D         E       F
            +---------+---------+-------+---------+---------+-------
      Total |    3985 |    1340 |  25.2 |     178 |       9 |   4.8
            +---------+---------+-------+---------+---------+-------
        D:1 |      43 |       0 |   0.0 |      22 |       0 |   0.0
        D:2 |     163 |     238 |  59.4 |      38 |       1 |   2.6
        D:3 |     173 |      37 |  17.6 |      24 |       1 |   4.0
        D:4 |     372 |       0 |   0.0 |      27 |       0 |   0.0
        D:5 |     713 |       0 |   0.0 |      26 |       0 |   0.0
        D:6 |    1163 |       0 |   0.0 |      22 |       0 |   0.0
        D:7 |    1358 |    1065 |  44.0 |      19 |       7 |  26.9
            +---------+---------+-------+---------+---------+-------
